 Dungeon Crawl Stone Soup version 0.26-a0-670-g578ab304f5 (webtiles) character file.

Game seed: 10659378835903058065

267 Kinoniko the Cutter (level 6, -2/44 HPs)
             Began as a Vampire Gladiator on Oct 19, 2020.
             Slain by a wight
             ... wielding a cursed +3 scimitar
              (5 damage)
             ... on level 3 of the Dungeon.
             The game lasted 00:03:23 (1347 turns).

Kinoniko the Cutter (Vampire Gladiator)             Turns: 1347, Time: 00:03:24

Health: -2/44      AC:  6    Str: 13    XL:     6   Next: 0%
Magic:  6/6        EV: 12    Int: 10    God:
Gold:   139        SH:  0    Dex: 16    Spells: 5/5 levels left

rFire    . . .     SeeInvis +   j - +1 dagger (speed)
rCold    . . .     Faith    .   (no shield)
rNeg     . . .     Spirit   .   b - +0 leather armour
rPois    .         Reflect  .   c - +1 helmet
rElec    .         Harm     .   (no cloak)
rCorr    .         Rampage  .   (no gloves)
MR       .....                  e - +0 pair of boots
Stlth    +.........             (no amulet)
HPRegen  0.34/turn              (no ring)
MPRegen  0.10/turn              (no ring)

@: stab, regenerating quickly, drained
A: fangs 3, talons 1, see invisible, mutation resistance 1, weak 1, unbreathing
a: Exsanguinate


You were on level 3 of the Dungeon.
You visited 1 branch of the dungeon, and saw 3 of its levels.

You collected 139 gold pieces.

Inventory:

Hand Weapons
 a - a +1 rapier
 g - a +2 dagger of protection
 j - a +1 dagger of speed (weapon)
Missiles
 d - 3 throwing nets (quivered)
Armour
 b - a +0 leather armour (worn)
 c - a +1 helmet (worn)
 e - a +0 pair of boots (worn)
 f - a +0 chain mail
Jewellery
 n - an uncursed amulet of faith
 o - a cursed amulet of inaccuracy
Scrolls
 h - a scroll of random uselessness {unknown}
Potions
 i - a potion of curing


   Skills:
 - Level 1.7(0.8) Fighting
 * Level 7.4(6.3) Short Blades
 - Level 1.5(0.6) Throwing
 - Level 3.2(2.3) Dodging


You had 5 spell levels left.
You didn't know any spells.
Your spell library was empty.

Dungeon Overview and Level Annotations

Branches:
Dungeon (3/15)

Altars:


Innate Abilities, Weirdness & Mutations

Your natural rate of healing is unusually fast.
You have razor-sharp teeth.
You have supernaturally acute eyesight. (SInv)
You can survive without breathing.
You have sharp toenails.
You are somewhat resistant to further mutation.
You are weak. (Str -2)


Message History

* * * LOW HITPOINT WARNING * * *
You hit the wight. Your bite misses the wight.
The wight is severely damaged.
You hit the wight. Your bite misses the wight.
The wight is severely damaged.
You hit the wight but do no damage. Your bite misses the wight.
The wight is severely damaged.
The wight misses you.
You feel better. The wight barely misses you.
You feel ready to backstab.
You hit the wight. You bite the wight.
The wight is almost destroyed.
The wight hits you with a cursed +3 scimitar!
* * * LOW HITPOINT WARNING * * *
You hit the wight but do no damage.
The wight is almost destroyed.
You closely miss the wight.
The wight is almost destroyed.
The wight hits you with a cursed +3 scimitar.
You die...

#.#.# #.#[#
##.#.#
####....#######
#.............#
#.##....#####.#
##.#.# ..(#.#
#####@# #z# ..#
.### #. #


You could see a wight.

Vanquished Creatures
  2 wights (D:3)
  A hound (D:2)
  An orc wizard (D:2)
  Jessica (D:3)
  3 adders
  A dart slug (D:1)
  3 leopard geckos
  4 orcs
  9 bats
  A giant cockroach (D:2)
  14 goblins
  7 hobgoblins
  6 kobolds
  A quokka (D:3)
  4 frilled lizards
  11 rats
69 creatures vanquished.

Notes
Turn   | Place    | Note
-------+----------+-------------------------------------------
     0 | D:1      | Kinoniko the Vampire Gladiator began the quest for the Orb.
     0 | D:1      | Reached XP level 1. HP: 16/16 MP: 1/1
   201 | D:1      | Reached skill level 4 in Short Blades
   201 | D:1      | Reached XP level 2. HP: 19/22 MP: 2/2
   461 | D:1      | Reached XP level 3. HP: 27/27 MP: 3/3
   567 | D:2      | Reached skill level 5 in Short Blades
   579 | D:2      | Reached XP level 4. HP: 17/33 MP: 4/4
   803 | D:2      | Reached skill level 6 in Short Blades
  1019 | D:2      | You fall into a shaft and drop 1 floor!
  1035 | D:3      | Reached XP level 5. HP: 38/38 MP: 5/5
  1070 | D:3      | Noticed Jessica
  1074 | D:3      | Gained mutation: You have sharp toenails. [potion of
                  | mutation]
  1074 | D:3      | Gained mutation: You are weak. (Str -2) [potion of
                  | mutation]
  1074 | D:3      | Gained mutation: You are somewhat resistant to further
                  | mutation. [potion of mutation]
  1083 | D:3      | Killed Jessica
  1255 | D:3      | Reached skill level 7 in Short Blades
  1323 | D:3      | Reached XP level 6. HP: 21/44 MP: 6/6
  1347 | D:3      | Slain by a wight

Illustrated notes

Levels and vault maps discovered:
D:1:      dpeg_arrival_three_smaller_balls, layout_rooms
D:2:      layout_loops_ring, nicolae_gozag_cash_rules_everything_around_me
D:3:      layout_loops_ring, tso_oasis_becter, trog_hazing_becter,
          uniq_crazy_yiuf_cottage, uniq_jessica

Skill      XL: |  1  2  3  4  5 |
---------------+----------------+-----
Short Blades   | 4 5 6 7 |  7.4
Fighting       | |  1.7
Throwing       | |  1.5
Dodging        | |  3.2

Action                   |  1- 3 |  4- 6 || total
-------------------------+-------+-------++-------
Melee: Rapier            |   101 |    86 ||   187
       Bite              |     9 |    20 ||    29
       Dagger            |       |    48 ||    48
  Use: Scroll            |       |     6 ||     6
       Potion            |       |     6 ||     6
 Stab: Distracted        |     1 |       ||     1
       Sleeping          |       |     1 ||     1
Armor: Leather armour    |    30 |    21 ||    51
Dodge: Dodged            |    76 |    69 ||   145

Table legend: (Time is in decaauts)
 A = Elapsed time spent in this place.
 B = Non-inter-level travel time spent in this place.
 C = Inter-level travel time spent in this place.
 D = Time resting spent in this place.
 E = Time spent auto-exploring this place.
 F = Levels seen in this place.
 G = Mean time per level.
                   A        B        C        D        E       F      G
               +--------+--------+--------+--------+--------+-----+--------+
         Total |   1308 |   1297 |     11 |    261 |    620 |   3 |  436.0 |
       Dungeon |   1308 |   1297 |     11 |    261 |    620 |   3 |  436.0 |
               +--------+--------+--------+--------+--------+-----+--------+

Top non-repeatable levels by time:
     D:1: 534 daAuts
     D:2: 477 daAuts
     D:3: 297 daAuts
